[Event "Saturday 13 January Rapid Engine Tour 12+1 Rounds 9 Starts 1600 ST"]
[Site "Infinity Chess"]
[Date "2018.1.13"]
[Round "5"]
[White "aleks"]
[Black "OlivierEvan"]
[Result "1-0"]
[ECO "C42"]
[WhiteElo "2386"]
[BlackElo "2400"]
[WhiteEngine "komodo-11.2.2-64bit_CTG"]
[BlackEngine "Houdini 6"]
[EventType "Swiss"]
[WhiteTeam ""]
[BlackTeam ""]
[PlyCount "181"]
[TimeControl "720+1"]

1. e4 e5 2. Nf3 Nf6 3. Nxe5 d6 4. Nf3 Nxe4 5. d4 d5 6. Bd3 Bd6 7. O-O O-O 
8. c4 c6 9. Re1 Bf5 10. Qb3 Na6 11. cxd5 cxd5 12. Nc3 Be6 13. a3 Nc7 14. Be3 f5 
15. Rac1 Rc8 16. Ne2 g5 17. Qc2 f4 18. Bd2 g4 19. Ne5 Ne8 20. Bxe4 Rxc2 
21. Bxc2 Bxe5 22. dxe5 f3 23. Nd4 Ng7 24. g3 Qb6 25. Bc3 Bc8 26. Rcd1 Ne6 
27. h4 Nxd4 28. Rxd4 Be6 29. Rb4 Qc7 30. Rd1 a5 31. Rb5 Rd8 32. Bd3 Ra8 
33. a4 h5 34. Ra1 Ra6 35. Rd1 Qc8 36. Bf1 Kh7 37. Bxa5 Kg8 38. b3 Rc6 
39. Bd2 Rc2 40. a5 Rc6 41. Be3 Rc3 42. Bd4 Rc6 43. b4 Qd7 44. Be3 Kg7 
45. Kh2 Kg8 46. Kg1 Kg7 47. Kh2 Kg8 48. Bd4 Qh7 49. Bd3 Qc7 50. Bc5 Qd7 
51. Bc4 Qf7 52. Bf1 Qh7 53. Bd3 Qd7 54. Kg1 Kf7 55. Re1 Qc8 56. Rd1 Qd7 
57. Bc4 Qc8 58. Bf1 Qd7 59. Rd4 Bf5 60. Rb6 Rxb6 61. Bxb6 Qa4 62. b5 Qb3 
63. Ba7 Bc2 64. a6 bxa6 65. bxa6 Be4 66. Rd2 d4 67. Rxd4 Bd5 68. Rf4+ Ke8 
69. Be3 Qc3 70. Bd4 Qd2 71. a7 Ke7 72. Kh2 Qc1 73. Bb5 Qa3 74. Bb6 Qa2 
75. Bc5+ Ke6 76. Bd4 Qc2 77. Be8 Bb7 78. Rf6+ Ke7 79. Rf7+ Kxe8 80. Rxb7 Qa2 
81. Rb8+ Kd7 82. a8=Q Qxa8 83. Rxa8 Kc6 84. e6 Kd6 85. Ra6+ Kd5 86. e7 Kxd4 
87. e8=Q Kc5 88. Qe4 Kb5 89. Qc6+ Kb4 90. Rb6+ Ka3 91. Qa8# 1-0

[Event "Saturday 13 January Rapid Engine Tour 12+1 Rounds 9 Starts 1600 ST"]
[Site "Infinity Chess"]
[Date "2018.1.13"]
[Round "5"]
[White "ocirema"]
[Black "KULLANI"]
[Result "1/2-1/2"]
[ECO "C50"]
[WhiteElo "2413"]
[BlackElo "2435"]
[WhiteEngine "stockfish_18010422_x64_modern_CTG"]
[BlackEngine "BrainFish_180106_x64_CTG"]
[EventType "Swiss"]
[WhiteTeam ""]
[BlackTeam ""]
[PlyCount "160"]
[TimeControl "720+1"]

1. e4 e5 2. Nf3 Nc6 3. Bc4 Bc5 4. O-O Nf6 5. d3 d6 6. c3 a5 7. Re1 Ba7 
8. Bb5 O-O 9. h3 h6 10. Nbd2 Ne7 11. d4 Ng6 12. Ba4 Bd7 13. Nf1 b5 14. Bc2 Re8 
15. a4 b4 16. Ng3 c5 17. dxe5 dxe5 18. Bb3 bxc3 19. bxc3 c4 20. Bxc4 Rc8 
21. Qb3 Be6 22. Bxe6 Rxe6 23. Qc2 Rec6 24. Bd2 Rc4 25. Rab1 Bd4 26. Nxd4 exd4 
27. Rb5 Nh4 28. e5 dxc3 29. Be3 Ne8 30. Rd1 Qe7 31. Kh2 Nc7 32. Rxa5 Na6 
33. Nf5 Nxf5 34. Qxf5 g6 35. Qc2 Nc5 36. f4 h5 37. Bxc5 R8xc5 38. Ra8+ Rc8 
39. Rxc8+ Rxc8 40. a5 Qb4 41. e6 Qxf4+ 42. Kh1 Qf6 43. exf7+ Qxf7 44. a6 Kg7 
45. Ra1 Qa7 46. Qa4 Kh7 47. Qc2 Rc7 48. Ra2 Qe3 49. a7 Rxa7 50. Rxa7+ Qxa7 
51. Qxc3 Qb8 52. Qf6 Qb1+ 53. Kh2 Qb8+ 54. Kg1 Qb1+ 55. Kh2 Qb8+ 56. Kg1 Kh6 
57. h4 Kh7 58. Qe7+ Kg8 59. Qg5 Qb1+ 60. Kh2 Qc2 61. Qd8+ Kg7 62. Qd7+ Kh6 
63. Qd8 Kh7 64. Qe7+ Kh6 65. Qg5+ Kh7 66. Qf6 Qc7+ 67. Kh1 Qc2 68. Qf7+ Kh6 
69. g3 Qc1+ 70. Kg2 Qd2+ 71. Kf1 Qc3 72. Qf8+ Kh7 73. Qe7+ Kh6 74. Qg5+ Kh7 
75. Qe7+ Kh6 76. Qf7 Qxg3 77. Qf8+ Kh7 78. Qf7+ Kh6 79. Qf8+ Kh7 80. Qf7+ Kh6 
1/2-1/2

[Event "Saturday 13 January Rapid Engine Tour 12+1 Rounds 9 Starts 1600 ST"]
[Site "Infinity Chess"]
[Date "2018.1.13"]
[Round "5"]
[White "RonWeasley"]
[Black "Cepri"]
[Result "1/2-1/2"]
[ECO "C53"]
[WhiteElo "2437"]
[BlackElo "2456"]
[WhiteEngine "BrainFish 060118_CTG"]
[BlackEngine "asmFishW_12J18Mb_CTG"]
[EventType "Swiss"]
[WhiteTeam ""]
[BlackTeam ""]
[PlyCount "75"]
[TimeControl "720+1"]

1. e4 e5 2. Nf3 Nc6 3. Bc4 Bc5 4. c3 Nf6 5. d3 d6 6. Bb3 a5 7. O-O O-O 8. a4 h6 
9. Nbd2 Ne7 10. Qc2 c6 11. h3 Ng6 12. Nc4 Re8 13. d4 exd4 14. cxd4 Bb4 
15. Nxd6 Bxd6 16. e5 Be6 17. exd6 Qxd6 18. Bd2 Bxb3 19. Qxb3 Ne4 20. Be3 Re7 
21. Rfe1 Rae8 22. Rad1 Nf6 23. Bd2 Qc7 24. Rxe7 Rxe7 25. Qc3 Re8 26. Ra1 Re2 
27. Rb1 Ne4 28. Qxa5 Qxa5 29. Bxa5 Nxf2 30. Kf1 Nf4 31. Bc7 N2d3 32. Bxf4 Nxf4 
33. d5 cxd5 34. g3 Re3 35. Kf2 Re2+ 36. Kf1 Re3 37. Kf2 Re2+ 38. Kf1 1/2-1/2

[Event "Saturday 13 January Rapid Engine Tour 12+1 Rounds 9 Starts 1600 ST"]
[Site "Infinity Chess"]
[Date "2018.1.13"]
[Round "5"]
[White "Dovahkiin"]
[Black "Vimtiroba"]
[Result "1/2-1/2"]
[ECO "D00"]
[WhiteElo "2444"]
[BlackElo "2464"]
[WhiteEngine "BrainFish_180106_x64_modern_CTG"]
[BlackEngine "SF@130118_CTG"]
[EventType "Swiss"]
[WhiteTeam ""]
[BlackTeam ""]
[PlyCount "117"]
[TimeControl "720+1"]

1. d4 d5 2. Bf4 Nf6 3. e3 c5 4. c3 Nc6 5. Nd2 e6 6. Bd3 Be7 7. h3 O-O 8. Ngf3 c4 
9. Bc2 b5 10. O-O Bb7 11. Re1 a5 12. e4 dxe4 13. Nxe4 a4 14. Nxf6+ Bxf6 
15. Be4 Ra7 16. Qc2 h6 17. Be3 Qa8 18. d5 exd5 19. Bxd5 Ra6 20. Bc5 Rd8 
21. Be4 Na5 22. Ba3 Bxe4 23. Rxe4 Ra7 24. Rae1 Nc6 25. R4e3 g6 26. h4 h5 
27. Qe4 Kg7 28. Ng5 Rad7 29. Rf3 b4 30. Bxb4 Nxb4 31. Rxf6 Qxe4 32. Nxe4 Nd3 
33. Rd1 Re7 34. Rd6 Rb8 35. Nd2 Nxb2 36. Rb1 a3 37. Ra6 Re2 38. Nxc4 Rbe8 
39. Nxa3 Nd3 40. Nc4 Re1+ 41. Rxe1 Rxe1+ 42. Kh2 Nxf2 43. Kg3 Ne4+ 44. Kf3 Nxc3 
45. Ne3 Rb1 46. Ra3 Nb5 47. Ra8 Rb2 48. a4 Nc7 49. Rc8 Ne6 50. Rc4 Rb3 
51. Ke2 Kf6 52. Kd2 Ke5 53. a5 Ra3 54. Rb4 Kd6 55. Rb7 Ra2+ 56. Kc3 Ra3+ 
57. Kd2 Ra2+ 58. Kc3 Ra3+ 59. Kd2 1/2-1/2

[Event "Saturday 13 January Rapid Engine Tour 12+1 Rounds 9 Starts 1600 ST"]
[Site "Infinity Chess"]
[Date "2018.1.13"]
[Round "5"]
[White "THE_MACHINE"]
[Black "Murx"]
[Result "1/2-1/2"]
[ECO "C55"]
[WhiteElo "2476"]
[BlackElo "2484"]
[WhiteEngine "Houdini 6"]
[BlackEngine "BrainFish_171226_x64_modern"]
[EventType "Swiss"]
[WhiteTeam ""]
[BlackTeam ""]
[PlyCount "91"]
[TimeControl "720+1"]

1. e4 e5 2. Nf3 Nc6 3. Bc4 Nf6 4. d3 Bc5 5. O-O d6 6. c3 O-O 7. h3 a6 8. Re1 Ba7 
9. a4 Ne7 10. d4 Ng6 11. Nbd2 c6 12. Bf1 Re8 13. Qc2 Qc7 14. dxe5 Nxe5 
15. Nxe5 dxe5 16. a5 h6 17. Nf3 Qe7 18. Bd2 Bd7 19. Qb3 Bc5 20. Rad1 Be6 
21. Qc2 Nd7 22. c4 b6 23. Qc3 bxa5 24. Nxe5 Bxf2+ 25. Kxf2 Qc5+ 26. Qe3 Qxe3+ 
27. Kxe3 Nxe5 28. Kd4 f6 29. Bxa5 c5+ 30. Kc3 Ra7 31. Rd6 Rb7 32. Red1 Bd7 
33. Rb6 Reb8 34. Rxb7 Rxb7 35. Rd5 Ba4 36. b4 cxb4+ 37. Bxb4 Bc2 38. Kxc2 Rxb4 
39. Ra5 Nxc4 40. Kc3 Nxa5 41. Kxb4 Nb7 42. Bxa6 Nd6 43. Bc4+ Nxc4 44. Kxc4 Kf7 
45. Kd5 Ke7 46. g3 1/2-1/2

[Event "Saturday 13 January Rapid Engine Tour 12+1 Rounds 9 Starts 1600 ST"]
[Site "Infinity Chess"]
[Date "2018.1.13"]
[Round "5"]
[White "Marsell"]
[Black "fati64"]
[Result "1/2-1/2"]
[ECO "C55"]
[WhiteElo "2479"]
[BlackElo "2492"]
[WhiteEngine "asmFishW_2018-01-11_popcnt"]
[BlackEngine "BrainFish_180106_x64"]
[EventType "Swiss"]
[WhiteTeam ""]
[BlackTeam ""]
[PlyCount "122"]
[TimeControl "720+1"]

1. e4 e5 2. Nf3 Nc6 3. Bc4 Nf6 4. d3 Bc5 5. c3 d6 6. O-O a5 7. Bg5 Ba7 
8. Nbd2 h6 9. Bh4 Qe7 10. Bb5 g5 11. Bg3 O-O 12. Nc4 Nb8 13. Ba4 Be6 
14. Ne3 Bxe3 15. fxe3 Nbd7 16. Bc2 Bg4 17. h3 Bh5 18. c4 c6 19. Rc1 Qe6 
20. Qd2 Bg6 21. a3 a4 22. Qb4 c5 23. Qc3 Rfb8 24. Nd2 g4 25. hxg4 Nxg4 
26. Rf3 h5 27. Bh4 b5 28. cxb5 Rxb5 29. Bd1 Nb6 30. Rg3 Rb8 31. Rb1 Kh7 
32. Qc2 Nd7 33. Qc1 Nb6 34. Be2 Nd7 35. Bd1 Nb6 36. Be2 Nd7 37. Rh3 Kg8 
38. Be1 Ndf6 39. Nc4 Rb3 40. Bg3 d5 41. exd5 Qxd5 42. Qf1 Kg7 43. Bh4 e4 
44. dxe4 Nxe4 45. Qf4 Qf5 46. Rf1 Qxf4 47. exf4 f5 48. Rxb3 Rxb3 49. Rd1 Bf7 
50. Bxg4 hxg4 51. Rd7 Kg8 52. Rd8+ Kg7 53. Rd7 Kg8 54. Ne5 Bh5 55. Rd8+ Kh7 
56. Rd7+ Kg8 57. Ra7 Rxb2 58. Ra8+ Kh7 59. Ra7+ Kg8 60. Ra8+ Kh7 61. Ra7+ Kg8 
1/2-1/2

[Event "Saturday 13 January Rapid Engine Tour 12+1 Rounds 9 Starts 1600 ST"]
[Site "Infinity Chess"]
[Date "2018.1.13"]
[Round "5"]
[White "Susanne"]
[Black "Gilgamesch"]
[Result "1/2-1/2"]
[ECO "C50"]
[WhiteElo "2480"]
[BlackElo "2496"]
[WhiteEngine "asmFishW_10_bmi2_CTG"]
[BlackEngine "BrainFish_171005_x64_bmi2"]
[EventType "Swiss"]
[WhiteTeam ""]
[BlackTeam ""]
[PlyCount "162"]
[TimeControl "720+1"]

1. e4 e5 2. Nf3 Nc6 3. Bc4 Bc5 4. O-O Nf6 5. d3 d6 6. c3 O-O 7. Nbd2 a5 
8. Re1 Ba7 9. h3 h6 10. Nf1 Be6 11. Bb5 Ne7 12. Ng3 c6 13. Ba4 b5 14. Bc2 a4 
15. d4 Ng6 16. b3 axb3 17. axb3 Qc7 18. Be3 Rfb8 19. Nf5 Bb6 20. Qd2 Rxa1 
21. Rxa1 Bxf5 22. exf5 Nf8 23. dxe5 dxe5 24. Bxb6 Rxb6 25. Qe2 N8d7 26. Nd2 Qb7 
27. b4 Ra6 28. Rb1 Ra3 29. c4 Rc3 30. Be4 bxc4 31. b5 Nd5 32. Nxc4 cxb5 
33. Nd6 Qc6 34. Rxb5 Rc1+ 35. Kh2 Rc5 36. Rxc5 Qxc5 37. Qc4 Qxc4 38. Nxc4 Nc3 
39. Bc6 Nb8 40. Bb7 f6 41. Kg3 Nd7 42. Ba8 Nc5 43. Kf3 g5 44. fxg6 Kg7 
45. Ke3 Kxg6 46. f3 Kf5 47. Bc6 Ke6 48. g3 Nd5+ 49. Bxd5+ Kxd5 50. Nd2 Ke6 
51. g4 Nd7 52. h4 f5 53. gxf5+ Kxf5 54. Ne4 Ke6 55. f4 Kf5 56. Kf3 exf4 
57. Nd6+ Ke6 58. Nc8 Kf5 59. Ne7+ Kf6 60. Nc8 Ke6 61. Kxf4 Nc5 62. Na7 Kd7 
63. Kf5 h5 64. Nb5 Ke7 65. Nd4 Kd6 66. Ne2 Kd7 67. Ng3 Nd3 68. Nxh5 Ke7 
69. Ng3 Kf7 70. Nh5 Ke7 71. Ng3 Kf8 72. Kf6 Kg8 73. Kg5 Nc1 74. Kg6 Kh8 
75. Ne4 Nd3 76. Ng5 Ne5+ 77. Kf5 Nd3 78. Ne6 Kh7 79. h5 Kh8 80. h6 Kh7 
81. Ng5+ Kxh6 1/2-1/2

[Event "Saturday 13 January Rapid Engine Tour 12+1 Rounds 9 Starts 1600 ST"]
[Site "Infinity Chess"]
[Date "2018.1.13"]
[Round "5"]
[White "CrossingJordan"]
[Black "Deep_Impact"]
[Result "1/2-1/2"]
[ECO "B90"]
[WhiteElo "2431"]
[BlackElo "2497"]
[WhiteEngine "asmFishW_2017-12-20_bmi2_CTG"]
[BlackEngine "BrainFish_171226_x64_modern"]
[EventType "Swiss"]
[WhiteTeam ""]
[BlackTeam ""]
[PlyCount "75"]
[TimeControl "720+1"]

1. e4 c5 2. Nf3 d6 3. d4 cxd4 4. Nxd4 Nf6 5. Nc3 a6 6. Be3 e5 7. Nb3 Be6 
8. f3 Be7 9. Qd2 O-O 10. O-O-O Nbd7 11. g4 b5 12. g5 Nh5 13. Kb1 Nb6 14. Na5 Qc7 
15. a3 Rac8 16. h4 g6 17. Rh2 Rfe8 18. Nd5 Nxd5 19. exd5 Bd7 20. Bh3 Bxh3 
21. Rxh3 Qd7 22. Rhh1 f5 23. Nc6 Bf8 24. Rhg1 f4 25. Bf2 Qh3 26. Qd3 Qf5 
27. Rde1 Rc7 28. Rgf1 Rb7 29. Qxf5 gxf5 30. c3 e4 31. Bd4 Kf7 32. Kc2 Kg6 
33. Kb3 h6 34. Rg1 Ng3 35. Bf2 Nh5 36. Bd4 Ng3 37. Bf2 Nh5 38. Bd4 1/2-1/2

[Event "Saturday 13 January Rapid Engine Tour 12+1 Rounds 9 Starts 1600 ST"]
[Site "Infinity Chess"]
[Date "2018.1.13"]
[Round "5"]
[White "MarioDeMonti"]
[Black "Neoxium"]
[Result "1/2-1/2"]
[ECO "C53"]
[WhiteElo "2441"]
[BlackElo "2466"]
[WhiteEngine "stockfish_x64_bmi2_2018_01_01_CTG"]
[BlackEngine "SF SL FA-IDeA"]
[EventType "Swiss"]
[WhiteTeam ""]
[BlackTeam ""]
[PlyCount "92"]
[TimeControl "720+1"]

1. e4 e5 2. Nf3 Nc6 3. Bc4 Bc5 4. c3 Nf6 5. d3 a5 6. O-O d6 7. Re1 O-O 
8. Nbd2 Be6 9. Bb5 Qb8 10. Nf1 Qa7 11. Be3 Bxe3 12. Nxe3 Ne7 13. a4 Ng6 
14. Bc4 Bxc4 15. Nxc4 Qc5 16. Qb3 Rfe8 17. Qb5 Qa7 18. g3 Nf8 19. Rad1 h6 
20. h4 Ne6 21. d4 exd4 22. cxd4 Rad8 23. Kg2 d5 24. e5 Ne4 25. Qxa5 Qxa5 
26. Nxa5 Ra8 27. b4 b6 28. Nc6 Rxa4 29. Ra1 b5 30. Rxa4 bxa4 31. Ra1 Ra8 
32. Ne7+ Kh7 33. Nxd5 a3 34. Ne7 a2 35. d5 Nf8 36. Nd4 Nc3 37. Kf1 Nd7 
38. d6 cxd6 39. exd6 Ne4 40. Kg2 Nc3 41. Nec6 g6 42. Kf3 Ra3 43. Nc2 Ra6 
44. N2d4 Ra3 45. Nc2 Ra6 46. N2d4 Ra3 1/2-1/2

[Event "Saturday 13 January Rapid Engine Tour 12+1 Rounds 9 Starts 1600 ST"]
[Site "Infinity Chess"]
[Date "2018.1.13"]
[Round "5"]
[White "xeonrocks"]
[Black "angriff"]
[Result "1-0"]
[ECO "B00"]
[WhiteElo "2531"]
[BlackElo "2451"]
[WhiteEngine "asmFishW_bmi2.exe_CTG"]
[BlackEngine "SF_64BIT_POPCNT_CTG"]
[EventType "Swiss"]
[WhiteTeam ""]
[BlackTeam ""]
[PlyCount "157"]
[TimeControl "720+1"]

1. e4 Nc6 2. d4 d5 3. e5 Bf5 4. c3 e6 5. Nd2 f6 6. f4 g5 7. Qh5+ Bg6 8. Qh3 Qd7 
9. Ngf3 gxf4 10. Nb3 Bf5 11. Qh5+ Bg6 12. Qh3 Bf5 13. Qh5+ Bg6 14. Qh4 Be7 
15. Bb5 a6 16. Bxc6 Qxc6 17. O-O O-O-O 18. Qe1 Be4 19. Bxf4 h5 20. a4 Rh7 
21. Na5 Qb6 22. Nc4 Qc6 23. Na5 Qb6 24. b4 h4 25. h3 Re8 26. Nc4 Qa7 27. b5 Bxf3 
28. b6 Qa8 29. exf6 Bxf6 30. Rxf3 dxc4 31. Qe4 Rf7 32. d5 e5 33. d6 cxd6 
34. Qxc4+ Kd7 35. Qxf7+ Re7 36. Qg6 exf4 37. Qg4+ Kc6 38. Rxf4 Kxb6 39. Rb1+ Ka7 
40. Rxf6 Nxf6 41. Qd4+ Kb8 42. Qxd6+ Rc7 43. Qd8+ Rc8 44. Qxf6 Qa7+ 45. Kh2 Qe3 
46. Qxh4 Rxc3 47. Re1 Qd2 48. Re4 Ka8 49. Qh8+ Ka7 50. Qd4+ Qxd4 51. Rxd4 Kb6 
52. h4 Rc6 53. g4 Kc5 54. Rf4 Rc7 55. h5 Rh7 56. Kg3 Kd5 57. Kh4 Rd7 58. h6 Ke5 
59. Kg3 Rd3+ 60. Rf3 Rd7 61. g5 Rh7 62. Rf4 Ke6 63. Rg4 Rd7 64. g6 Rd1 
65. Kh3 Rd3+ 66. Kh4 Rd1 67. g7 Rh1+ 68. Kg5 Kf7 69. Rf4+ Ke7 70. g8=Q Rg1+ 
71. Rg4 Rxg4+ 72. Kxg4 a5 73. Qg5+ Kf7 74. Qd5+ Ke7 75. Qb5 b6 76. h7 Kd6 
77. h8=Q Ke7 78. Qc6 b5 79. Qhf6# 1-0

[Event "Saturday 13 January Rapid Engine Tour 12+1 Rounds 9 Starts 1600 ST"]
[Site "Infinity Chess"]
[Date "2018.1.13"]
[Round "4"]
[White "KillBill2017"]
[Black "Thor"]
[Result "1/2-1/2"]
[ECO "C50"]
[WhiteElo "2370"]
[BlackElo "2468"]
[WhiteEngine "asmFishW_2018-01-12_popcnt_CTG"]
[BlackEngine "asmFishW_2017-11-19_bmi2"]
[EventType "Swiss"]
[WhiteTeam ""]
[BlackTeam ""]
[PlyCount "91"]
[TimeControl "720+1"]

1. e4 e5 2. Nf3 Nc6 3. Bc4 Bc5 4. O-O Nf6 5. d3 d6 6. c3 a5 7. Bg5 Ba7 
8. Nbd2 h6 9. Bh4 Qe7 10. Bb5 g5 11. Bg3 O-O 12. Nc4 Nh5 13. Bxc6 bxc6 
14. Nxa5 Nxg3 15. hxg3 Bd7 16. Qd2 f6 17. Nc4 h5 18. Ne3 Qh7 19. a4 h4 
20. g4 Bxe3 21. Qxe3 Bxg4 22. a5 Kf7 23. d4 Be6 24. dxe5 g4 25. Nd2 fxe5 
26. f4 gxf3 27. Rxf3+ Ke7 28. Rxf8 Rxf8 29. a6 Qg8 30. a7 Ra8 31. Nf3 h3 
32. Ng5 hxg2 33. Nxe6 Qxe6 34. Qg5+ Qf6 35. Qxf6+ Kxf6 36. Kxg2 Ke7 37. c4 Kd7 
38. c5 Kc8 39. cxd6 cxd6 40. Kg3 Kc7 41. Kf3 Kb7 42. Kg4 Rxa7 43. Rxa7+ Kxa7 
44. Kf5 d5 45. exd5 cxd5 46. Kxe5 1/2-1/2

[Event "Saturday 13 January Rapid Engine Tour 12+1 Rounds 9 Starts 1600 ST"]
[Site "Infinity Chess"]
[Date "2018.1.13"]
[Round "4"]
[White "NINJA_JENGKA"]
[Black "SkyPilot"]
[Result "1/2-1/2"]
[ECO "A06"]
[WhiteElo "2419"]
[BlackElo "2416"]
[WhiteEngine "Houdini 6_CTG"]
[BlackEngine "stockfish_x64_bmi2_2018_01_01_CTG"]
[EventType "Swiss"]
[WhiteTeam ""]
[BlackTeam ""]
[PlyCount "161"]
[TimeControl "720+1"]

1. Nf3 d5 2. d4 Nf6 3. c4 c6 4. e3 e6 5. b3 c5 6. Nbd2 cxd4 7. exd4 Nc6 
8. Bb2 Bd6 9. c5 Be7 10. a3 a5 11. Qc2 O-O 12. Bd3 b6 13. Ne5 Bb7 14. b4 axb4 
15. Nxc6 Bxc6 16. axb4 bxc5 17. bxc5 Rxa1+ 18. Bxa1 Qa8 19. O-O Ne4 20. f3 Ba4 
21. Qc1 Nf6 22. Qe1 g6 23. Qe3 Rb8 24. g3 Qc6 25. Qe2 Nd7 26. f4 Bb5 
27. Bxb5 Rxb5 28. Kg2 Nf6 29. Rc1 Ne4 30. Kf3 f5 31. Bc3 g5 32. Kg2 g4 
33. Nxe4 dxe4 34. Kf2 Rb3 35. Qc4 Ra3 36. Ra1 Rxa1 37. Bxa1 Kf7 38. Bb2 h5 
39. Bc3 Bf6 40. Ke3 h4 41. Ba5 h3 42. Be1 Ke7 43. Bc3 Qd5 44. Qxd5 exd5 
45. Bd2 Kd7 46. Bb4 Bg7 47. Ba5 Kc6 48. Bd8 Kd7 49. Ba5 Bf6 50. Bb4 Kc6 
51. Be1 Kb5 52. Bf2 Kc6 53. Be1 Kb5 54. Bf2 Bd8 55. Kd2 Ba5+ 56. Kd1 Ka4 
57. Be1 Bd8 58. Ke2 Kb3 59. Bf2 Kc3 60. Bg1 Kc4 61. Bf2 Kc3 62. Bg1 Ba5 
63. Bf2 Kc2 64. Be1 Bc7 65. Bd2 Bd8 66. Be3 Kb3 67. Bf2 Bc7 68. Bg1 Ba5 
69. Be3 Ka2 70. Bd2 Bd8 71. Be1 Kb2 72. Bd2 Ka2 73. Bc3 Kb3 74. Be1 Kc4 
75. Bf2 Kb4 76. Bg1 Be7 77. Bf2 Kc3 78. Ke3 Bf6 79. Ke2 Kb3 80. Kd2 Bd8 81. Ke2 
1/2-1/2

[Event "Saturday 13 January Rapid Engine Tour 12+1 Rounds 9 Starts 1600 ST"]
[Site "Infinity Chess"]
[Date "2018.1.13"]
[Round "4"]
[White "aleks"]
[Black "miguello"]
[Result "1/2-1/2"]
[ECO "E10"]
[WhiteElo "2385"]
[BlackElo "2418"]
[WhiteEngine "komodo-11.2.2-64bit_CTG"]
[BlackEngine "asmFishW_2017-11-19_popcnt_CTG"]
[EventType "Swiss"]
[WhiteTeam ""]
[BlackTeam ""]
[PlyCount "97"]
[TimeControl "720+1"]

1. d4 Nf6 2. c4 e6 3. Nf3 d5 4. Nc3 c6 5. Bg5 dxc4 6. e4 b5 7. e5 h6 8. Bh4 g5 
9. Nxg5 hxg5 10. Bxg5 Nbd7 11. exf6 Bb7 12. g3 Qb6 13. Bg2 c5 14. d5 O-O-O 
15. O-O b4 16. Na4 Qa6 17. a3 Bxd5 18. Bxd5 Ne5 19. Nxc5 Bxc5 20. Qe2 exd5 
21. Qxe5 b3 22. Qf5+ Qe6 23. Qxe6+ fxe6 24. Rad1 Kd7 25. Kg2 Rc8 26. Rfe1 a5 
27. h4 a4 28. f4 Kd6 29. f7 Rhf8 30. Bf6 Rxf7 31. Be5+ Kc6 32. h5 Bd6 
33. Bc3 Re8 34. Rf1 Rd7 35. g4 e5 36. fxe5 Bxe5 37. Bxe5 Rxe5 38. h6 d4 
39. Rf8 Re2+ 40. Kf3 Re3+ 41. Kf4 Re2 42. Rc8+ Kd5 43. Rh1 Rf7+ 44. Kg3 c3 
45. h7 Re3+ 46. Kg2 Re2+ 47. Kg3 Re3+ 48. Kg2 Re2+ 49. Kg3 1/2-1/2

[Event "Saturday 13 January Rapid Engine Tour 12+1 Rounds 9 Starts 1600 ST"]
[Site "Infinity Chess"]
[Date "2018.1.13"]
[Round "4"]
[White "Cepri"]
[Black "hafaba"]
[Result "1-0"]
[ECO "B00"]
[WhiteElo "2442"]
[BlackElo "2388"]
[WhiteEngine "asmFishW_12J18Mb_CTG"]
[BlackEngine "Stockfish SL 07012018 POPCNT_CTG"]
[EventType "Swiss"]
[WhiteTeam ""]
[BlackTeam ""]
[PlyCount "193"]
[TimeControl "720+1"]

1. e4 Nc6 2. d4 d5 3. e5 Bf5 4. c3 e6 5. Nd2 Qd7 6. f4 h5 7. Be2 h4 8. Ngf3 h3 
9. g3 Nh6 10. O-O Be7 11. Ne1 O-O-O 12. b4 Rdg8 13. a4 g5 14. Nb3 Nb8 15. b5 Qd8 
16. a5 Be4 17. a6 b6 18. Nd2 Bf5 19. Ndf3 gxf4 20. Bxf4 Ng4 21. Bd3 Bxd3 
22. Qxd3 Rh5 23. Nd2 Nd7 24. Nc2 f6 25. exf6 Ndxf6 26. Qe2 Qd7 27. Nb4 Bxb4 
28. cxb4 Rf5 29. Rac1 Ne8 30. Rc6 Rf6 31. Kh1 Qf7 32. Nf3 Kb8 33. Qe1 Qe7 
34. Ne5 Kc8 35. Nxg4 Rxg4 36. Qe2 Rgg6 37. Qc2 e5 38. dxe5 Qxe5 39. Qxg6 Qe2 
40. Rxc7+ Nxc7 41. Qg8+ Kd7 42. Qh7+ Ke8 43. Qxh3 Ne6 44. Qg2 Qxb5 45. Re1 Qxb4 
46. Bd2 Qg4 47. Qxd5 Kf7 48. Bf4 Qh3 49. Kg1 Qf5 50. Re5 Qb1+ 51. Kg2 Qb2+ 
52. Kh3 Qd4 53. Qxd4 Nxd4 54. Rd5 Nc6 55. Kg4 Ke6 56. Rd6+ Ke7 57. Rd1 Rg6+ 
58. Kf5 Rf6+ 59. Kg5 Re6 60. h4 Nd8 61. Kg4 Nf7 62. Rc1 b5 63. Rc7+ Kf6 
64. Rxa7 b4 65. Kh5 b3 66. g4 b2 67. g5+ Kg7 68. Rb7 Rxa6 69. Be5+ Kf8 
70. Bxb2 Nd6 71. Rb8+ Ke7 72. Bf6+ Kf7 73. Be5 Nf5 74. g6+ Ke6 75. Re8+ Kd7 
76. Rf8 Ne7 77. Bf6 Nd5 78. g7 Nxf6+ 79. Rxf6 Rxf6 80. g8=Q Kd6 81. Kg5 Rf2 
82. Qb3 Rg2+ 83. Kh6 Ke5 84. Qe3+ Kd6 85. Qd4+ Kc7 86. Qc5+ Kb8 87. Qb6+ Kc8 
88. Qc6+ Kd8 89. Qxg2 Kc7 90. Qc2+ Kb6 91. Kg5 Kb5 92. h5 Kb6 93. h6 Ka5 
94. h7 Kb6 95. h8=Q Ka5 96. Qb8 Ka6 97. Qa2# 1-0

[Event "Saturday 13 January Rapid Engine Tour 12+1 Rounds 9 Starts 1600 ST"]
[Site "Infinity Chess"]
[Date "2018.1.13"]
[Round "4"]
[White "OlivierEvan"]
[Black "ocirema"]
[Result "1/2-1/2"]
[ECO "C65"]
[WhiteElo "2399"]
[BlackElo "2414"]
[WhiteEngine "Houdini 6"]
[BlackEngine "stockfish_18010422_x64_modern_CTG"]
[EventType "Swiss"]
[WhiteTeam ""]
[BlackTeam ""]
[PlyCount "124"]
[TimeControl "720+1"]

1. e4 e5 2. Nf3 Nc6 3. Bb5 Nf6 4. O-O Nxe4 5. Re1 Nd6 6. Nxe5 Be7 7. Bd3 Nxe5 
8. Rxe5 O-O 9. Nc3 Ne8 10. Nd5 Bd6 11. Re1 c6 12. Ne3 g6 13. b3 Be5 14. Ba3 d6 
15. c3 Be6 16. Qc2 Nc7 17. Nc4 Nb5 18. Bb4 a5 19. Nxe5 axb4 20. Nf3 Na3 
21. Qb2 Qf6 22. Re3 c5 23. Rae1 b5 24. h3 Rfc8 25. Bf1 Bf5 26. g4 Be6 
27. g5 bxc3 28. dxc3 Qf4 29. Bg2 d5 30. h4 Rd8 31. Re5 Rd6 32. Qc1 Qxc1 
33. Rxc1 h5 34. Kh2 Kf8 35. Bh3 Bg4 36. Bxg4 hxg4 37. Ne1 c4 38. Rd1 Rad8 
39. Ng2 d4 40. Rxd4 Rxd4 41. cxd4 Rxd4 42. bxc4 Nxc4 43. Rxb5 Rd2 44. Rb4 Nd6 
45. Rxg4 Rxf2 46. Ra4 Nf5 47. Kg1 Re2 48. h5 gxh5 49. Nf4 Rd2 50. Nxh5 Nd4 
51. Ra3 Rb2 52. Kf1 Rb1+ 53. Kf2 Rb5 54. Ra8+ Ke7 55. Ra7+ Kd6 56. Ng3 Kc6 
57. Rxf7 Rxg5 58. a3 Ra5 59. Rf4 Rxa3 60. Rxd4 Kc5 61. Rd1 Kc4 62. Nf5 Ra2+ 
1/2-1/2

[Event "Saturday 13 January Rapid Engine Tour 12+1 Rounds 9 Starts 1600 ST"]
[Site "Infinity Chess"]
[Date "2018.1.13"]
[Round "4"]
[White "angriff"]
[Black "Satria_Ungu"]
[Result "1-0"]
[ECO "C55"]
[WhiteElo "2436"]
[BlackElo "2408"]
[WhiteEngine "SF_64BIT_POPCNT_CTG"]
[BlackEngine "Houdini 6_CTG"]
[EventType "Swiss"]
[WhiteTeam ""]
[BlackTeam ""]
[PlyCount "217"]
[TimeControl "720+1"]

1. e4 e5 2. Nf3 Nc6 3. Bc4 Nf6 4. d3 Bc5 5. O-O d6 6. c3 h6 7. b4 Bb6 8. a4 a5 
9. b5 Ne7 10. Be3 Bxe3 11. fxe3 Ng6 12. Bb3 O-O 13. c4 c6 14. Nc3 Bg4 15. h3 Be6 
16. Rb1 Rc8 17. Nd2 Nd7 18. Qe1 Qg5 19. Kh2 Qe7 20. Bd1 Nf6 21. Bf3 Rfe8 
22. Nb3 Qd8 23. Qf2 Kh8 24. Rbc1 Bd7 25. Rb1 Nf8 26. Qg3 Ne6 27. Be2 Ng5 
28. Nd2 Qc7 29. Rbc1 Rcd8 30. Qh4 Qb6 31. Qf2 Ne6 32. Rb1 Qc5 33. Kg1 Qa3 
34. Rb3 Qc5 35. Nf3 Qb6 36. Rbb1 Qc5 37. d4 Qa7 38. Bd3 Kg8 39. b6 Qa8 
40. Qg3 Nh5 41. Qh4 Nf6 42. Qg3 Nh5 43. Qh4 Nf6 44. Nd2 Nh7 45. Nb3 Qa6 
46. Qf2 Nf6 47. Qg3 Nh7 48. Qf2 Nf6 49. Qg3 Nh7 50. Nd2 Rf8 51. Rf2 Rfe8 
52. Bf1 Qa8 53. Nb3 Qb8 54. Be2 Re7 55. Rd1 Rde8 56. h4 Qd8 57. dxe5 dxe5 
58. c5 Qb8 59. Rdf1 f6 60. Bc4 Kh8 61. Rc2 Nef8 62. Nxa5 Qa8 63. Nb3 Be6 
64. Bxe6 Nxe6 65. Qg4 Qa6 66. Qe2 Qxe2 67. Nxe2 Rd7 68. a5 Ra8 69. Ra1 Nhf8 
70. Kf2 Rdd8 71. Nc3 Kg8 72. Ke2 Nd7 73. Na2 Nb8 74. Nb4 Na6 75. Nxa6 Rxa6 
76. Rd2 Kf7 77. Rxd8 Nxd8 78. Kd3 h5 79. Nd2 Ke6 80. Kc3 Nf7 81. Kb4 Kd7 
82. Nc4 Ke6 83. Rd1 Ra8 84. Nd6 Nd8 85. Rd2 g6 86. Rd1 Ke7 87. Rf1 Rb8 
88. Nxb7 Nxb7 89. a6 Kf7 90. Rd1 Ke7 91. axb7 Rxb7 92. Rd6 g5 93. hxg5 fxg5 
94. Rxc6 h4 95. Rh6 h3 96. gxh3 Kf8 97. Kb5 Kg7 98. c6 Rf7 99. Rd6 Rf1 
100. c7 Rb1+ 101. Kc6 g4 102. b7 g3 103. c8=Q Rc1+ 104. Kd7 g2 105. Qxc1 Kh7 
106. Ke8 Kg8 107. Qc7 g1=Q 108. Qf7+ Kh8 109. Rh6# 1-0